 Dungeon Crawl Stone Soup version 0.28.0-53-g5a82cb258f (webtiles) character file.

Game seed: 1703431110983314106

67 jjjjhere the Shield-Bearer (level 4, -7/40 HPs)
             Began as a Minotaur Fighter on Aug 20, 2022.
             Was a Believer of Nemelex Xobeh.
             Mangled by a gnoll
             ... wielding a +0 halberd
              (8 damage)
             ... on level 3 of the Dungeon.
             The game lasted 00:02:05 (1880 turns).

jjjjhere the Shield-Bearer (Minotaur Fighter)       Turns: 1880, Time: 00:02:06

Health: -7/40      AC:  6    Str: 22    XL:     4   Next: 0%
Magic:  3/3        EV:  6    Int:  5    God:    Nemelex Xobeh [**....]
Gold:   141        SH: 12    Dex: 10    Spells: 3/3 levels left

rFire   . . .      SeeInvis .   a - +0 war axe
rCold   . . .      Faith    .   k - +0 tower shield
rNeg    . . .      Spirit   .   b - +0 scale mail
rPois   .          Reflect  .   (helmet restricted)
rElec   .          Harm     .   (no cloak)
rCorr   .          Rampage  .   (no gloves)
Will    .....                   (no boots)
Stlth   ..........              (no amulet)
HPRegen 0.13/turn               (no ring)
MPRegen 0.08/turn               (no ring)

@: no status effects
A: horns 2, retaliatory headbutt
a: Renounce Religion, Draw Escape, Draw Destruction, Draw Summoning


You were on level 3 of the Dungeon.
You worshipped Nemelex Xobeh.
Nemelex Xobeh was pleased with you.
You visited 1 branch of the dungeon, and saw 3 of its levels.

You collected 141 gold pieces.

Inventory:

Hand Weapons
 a - a +0 war axe (weapon)
Armour
 b - a +0 scale mail (worn)
 c - a +0 buckler
 k - a +0 tower shield (worn)
Scrolls
 g - 2 scrolls of amnesia {unknown}
 h - 3 scrolls of identify {unknown}
 i - a scroll of magic mapping {unknown}
 l - a scroll of summoning {unknown}
 m - a scroll of teleportation {unknown}
Potions
 d - a potion of might
 e - a potion of attraction {unknown}
 f - 2 potions of brilliance {unknown}
 j - a potion of lignification {unknown}


   Skills:
 - Level 4.1 Fighting
 * Level 4.0 Axes
 - Level 3.6 Armour
 * Level 4.3 Shields
 + Level 0.4 Invocations


You had 3 spell levels left.
You didn't know any spells.
Your spell library contained the following spells:

 Spells                   Type           Power      Damage    Failure   Level
 Shock                    Conj/Air       0%         1d3       100%        1
 Corpse Rot               Necr/Air       0%         N/A       100%        2
 Swiftness                Air            0%         N/A       100%        3
 Airstrike                Air            0%         N/A       100%        4
 Dispel Undead            Necr           0%         3d6       100%        4
 Death Channel            Necr           0%         N/A       100%        6


Dungeon Overview and Level Annotations

Branches:
Dungeon (3/15)

Altars:
Elyvilon
Nemelex Xobeh


Innate Abilities, Weirdness & Mutations

You have a pair of horns on your head.
You reflexively headbutt those who attack you in melee.


Message History

The worm is severely wounded.
The worm barely misses you. You furiously retaliate!
You headbutt the worm!
You kill the worm!
You have reached level 4!
You feel agile.
You see here a worm corpse.
Key pressed, stopping explore.
You see here a worm corpse.
h - 3 scrolls labelled OTUAQE ETRE (gained 1)
You now have 141 gold pieces (gained 13).
Found a hand axe.
You see here a +0 hand axe.
Key pressed, stopping explore.
Found a ring mail.
A gnoll comes into view. It is wielding a +0 halberd.
The gnoll shouts!
A gnoll is nearby!
A gnoll comes into view. It is wielding a +0 club.
The gnoll hits you from afar with a +0 halberd!
You are too injured to fight recklessly!
You are too injured to fight recklessly!
You are too injured to fight recklessly!
The gnoll shouts!
You hear a shout!
The gnoll hits you with a +0 halberd.
You hear a shout!
You slash the gnoll!
You headbutt the gnoll, but do no damage.
The gnoll is almost dead.
A gnoll comes into view. It is wielding a +0 club.
The gnoll hits you from afar with a +0 halberd!
You closely miss the gnoll. The gnoll hits you but does no damage.
You block the gnoll's attack. The gnoll hits you with a +0 club!
* * * LOW HITPOINT WARNING * * *
You hit the gnoll but do no damage. You headbutt the gnoll!
The gnoll is heavily wounded.
You block the gnoll's attack. The gnoll hits you with a +0 club!
* * * LOW HITPOINT WARNING * * *
The gnoll hits you from afar with a +0 halberd!
You die...
Your body glows slightly and disappears.

#.)..#.#
######.#
#......#
#.######
###.#...[#
.g#.#.##.#
#g#.#..#.#
#g#.##.#.#
#@#....#.#
#.######.#
#........#
##########


You could see 3 gnolls.

Vanquished Creatures
  Terence (D:2)
  A gnoll (D:1)
  A worm (D:3)
  2 ball pythons
  2 endoplasms (D:1)
  2 giant cockroaches (D:3)
  2 goblins (D:2)
  3 hobgoblins
  2 quokkas
  3 frilled lizards
  5 kobolds
  5 rats
29 creatures vanquished.

Vanquished Creatures (others)
  3 plants (D:1)
3 creatures vanquished.

Grand Total: 32 creatures vanquished

Notes
Turn   | Place    | Note
-------+----------+-------------------------------------------
     0 | D:1      | jjjjhere the Minotaur Fighter began the quest for the Orb.
     0 | D:1      | Reached XP level 1. HP: 19/19 MP: 0/0
   163 | D:1      | Reached XP level 2. HP: 16/27 MP: 1/1
   555 | D:1      | Found a faded altar of an unknown god.
   644 | D:1      | Prayed at the altar of an unknown god.
   644 | D:1      | Became a worshipper of Nemelex Xobeh the Trickster
   644 | D:1      | Reached * piety under Nemelex Xobeh
   867 | D:2      | Noticed Terence
   879 | D:2      | Killed Terence
   880 | D:2      | Reached XP level 3. HP: 14/33 MP: 2/2
  1145 | D:2      | Received a gift from Nemelex Xobeh
  1653 | D:3      | Found a white marble altar of Elyvilon.
  1697 | D:3      | Reached XP level 4. HP: 31/40 MP: 3/3
  1864 | D:3      | Reached ** piety under Nemelex Xobeh
  1879 | D:3      | HP: 9/40 [gnoll/+0 club (7)]
  1880 | D:3      | HP: 1/40 [gnoll/+0 club (8)]
  1880 | D:3      | Mangled by a gnoll

Illustrated notes

Levels and vault maps discovered:
D:1:      dpeg_cavernosity, layout_basic, dilly_ecumenical_altar_fadedgnrine,
          chequers_serial_rivers_room_b, nicolae_grassy_gnolls
D:2:      layout_basic, uniq_terence
D:3:      layout_loops_ring, mainiacjoe_overflow_alcove_1, lemuel_doored_altar,
          mainiacjoe_overflow_paths, mainiacjoe_overflow_six_doors_small,
          patterned_corridor

Skill      XL: |  1  2  3 |
---------------+----------+-----
Axes           | 3 4 |  4.0
Shields        | 4 |  4.3
Fighting       | 4 |  4.1
Armour         | |  3.6
Invocations    | |  0.4

Action                   |  1- 3 |  4- 6 || total
-------------------------+-------+-------++-------
Melee: War axe           |    76 |     3 ||    79
       Headbutt          |     7 |     2 ||     9
Armor: Scale mail        |    20 |     1 ||    21
Dodge: Dodged            |    21 |       ||    21
Block: Buckler           |    11 |       ||    11
       Tower shield      |    30 |     2 ||    32
